AoeStats
← AnnieQN

Fortress

510081173Analyzed
3v3 RM · 3d ago on Sep 29, 2026· 50m 36s· 6 players
Game mode
Random Map
Map size
Large (8 player)
Population
200
Speed
Normal
Resources
Standard
Victory
Conquest
Starting age
Dark Age
Ending age
Imperial Age
RankedLock teamsTeams togetherTeam positionsShared explorationLock speedFull tech treeHidden civsTurbo modeCheats
Victory
Defeat
🇨🇳 Chinese · China
953
+12
🇨🇳 Spanish · China
950
+12
🇨🇳 Byzantines · China
946
+12
🇹🇼 Lithuanians · Taiwan
908
-13
🇨🇳 Spanish · China
880
-13
🇻🇳 Hindustanis · Vietnam
806
-10
隆隆
7:17 Feudal Age
8:15 Double-Bit Axe
9:00 Horse Collar
14:08 Castle Age
15:19 Bow Saw
16:55 Heavy Plow
17:34 Gold Mining
17:34 Stone Mining
18:17 Forging
20:04 Stone Shaft Mining
20:06 Scale Barding Armor
21:15 Scale Barding Armor
25:49 Fletching
30:08 Masonry
29:57 Murder Holes
31:00 Chain Barding Armor
32:58 Loom
37:37 Wheelbarrow
38:47 Caravan
39:46 Pikeman
40:27 Squires
41:12 Hand Cart
44:52 Elite Skirmisher
47:12 Iron Casting
46:39 Scale Mail Armor
49:40 Imperial Age
yyyyyliber
8:45 Feudal Age
13:33 Castle Age
24:38 Imperial Age
23:41 Murder Holes
23:49 Padded Archer Armor
23:55 Scale Barding Armor
25:57 Leather Archer Armor
26:51 Thumb Ring
27:28 Ring Archer Armor
28:01 Chain Barding Armor
33:38 Elite Conquistador
39:32 Chemistry
43:08 Onager
AnnieQN
4:46 Loom
6:44 Feudal Age
7:27 Double-Bit Axe
9:02 Gold Mining
9:03 Stone Mining
10:34 Bloodlines
11:45 Bloodlines
16:21 Castle Age
19:31 Bow Saw
22:11 Husbandry
23:06 Horse Collar
27:21 Imperial Age
25:58 Scale Barding Armor
26:05 Forging
26:43 Man-at-Arms
27:24 Squires
27:27 Heavy Camel Rider
28:30 Chain Barding Armor
29:56 Iron Casting
31:44 Imperial Camel Rider
34:34 Blast Furnace
36:18 Grand Trunk Road
36:40 Scale Mail Armor
37:19 Plate Barding Armor
37:50 Two-Man Saw
36:56 Heavy Plow
38:31 Chain Mail Armor
2531249740
6:59 Feudal Age
9:49 Loom
12:36 Castle Age
11:48 Double-Bit Axe
14:04 Bow Saw
13:36 Horse Collar
22:25 Heavy Plow
23:15 Gold Mining
25:01 Gold Shaft Mining
28:26 Imperial Age
26:38 Scale Barding Armor
27:42 Wheelbarrow
28:36 Forging
28:46 Chain Barding Armor
29:04 Redemption
30:16 Iron Casting
30:15 Stone Mining
30:48 Ballistics
30:47 Hand Cart
31:41 Murder Holes
36:00 Chemistry
36:29 Squires
35:49 Pikeman
37:09 Plate Barding Armor
36:53 Fortified Wall
38:01 Two-Man Saw
37:23 Devotion
39:41 Padded Archer Armor
39:31 Fletching
39:09 Elite Skirmisher
41:37 Leather Archer Armor
45:17 Ring Archer Armor
45:55 Husbandry
45:15 Cavalier
46:02 Bodkin Arrow
47:32 Paladin
384917149
7:38 Feudal Age
11:57 Castle Age
10:46 Loom
10:50 Double-Bit Axe
10:47 Horse Collar
20:01 Wheelbarrow
19:57 Padded Archer Armor
21:15 Leather Archer Armor
21:54 Heavy Plow
24:44 Gold Mining
27:32 Imperial Age
24:48 Town Watch
25:25 Hand Cart
26:58 Stone Mining
28:10 Forging
28:05 Scale Barding Armor
28:50 Stone Shaft Mining
30:13 Husbandry
30:23 Bloodlines
29:35 Cavalier
30:55 Chain Barding Armor
31:10 Iron Casting
31:13 Conscription
31:46 Ring Archer Armor
31:19 Scale Mail Armor
32:43 Plate Barding Armor
32:26 Fletching
34:14 Blast Furnace
33:19 Caravan
33:12 Light Cavalry
34:23 Bow Saw
35:13 Chain Mail Armor
34:31 Paladin
37:44 Masonry
37:11 Pikeman
37:51 Squires
41:23 Two-Man Saw
42:06 Plate Mail Armor
41:31 Bodkin Arrow
40:58 Halberdier
41:37 Elite Skirmisher
45:04 Bracer
46:06 Chemistry
45:27 Ballistics
45:02 Murder Holes
suansuan
9:12 Feudal Age
13:48 Castle Age
11:44 Double-Bit Axe
11:50 Horse Collar
14:52 Bow Saw
15:13 Heavy Plow
16:00 Wheelbarrow
17:54 Fletching
18:05 Padded Archer Armor
19:01 Bodkin Arrow
19:36 Ballistics
20:02 Leather Archer Armor
25:40 Hand Cart
25:39 Gold Mining
25:48 Murder Holes
26:03 Fortified Wall
31:47 Imperial Age
32:50 Conscription
32:06 Elite Chu Ko Nu
34:27 Chemistry
35:47 Conscription
35:35 Bracer
36:05 Ring Archer Armor
38:51 Gold Shaft Mining
38:06 Stone Mining
39:23 Two-Man Saw
Connection lost

Rejoining the realm…

Still unreachable

The connection could not be restored.

Session expired

The server has moved on; the page needs a fresh start.